 Dungeon Crawl Stone Soup version 0.27.1-3-gb3d3a73c9e (webtiles) character file.

Game seed: 13748339080024043011

1397 MajorAdolf the Sneak (level 8, -2/74 HPs)
             Began as a Naga Wanderer on Oct 14, 2021.
             Was an Initiate of Gozag.
             Succumbed to a water moccasin's poison
             ... on level 6 of the Dungeon.
             The game lasted 00:16:45 (10478 turns).

MajorAdolf the Sneak (Naga Wanderer)               Turns: 10478, Time: 00:16:45

Health: -2/74      AC: -4    Str: 16    XL:     8   Next: 69%
Magic:  12/12      EV:  9    Int: 14    God:    Gozag
Gold:   218        SH:  0    Dex: 10    Spells: 5/13 levels left

rFire    . . .     SeeInvis +   v - +2 dagger (venom)
rCold    + . .     Faith    .   (no shield)
rNeg     . . .     Spirit   .   k - +0 robe
rPois    +         Reflect  .   e - +2 hat
rElec    .         Harm     .   y - +0 cloak
rCorr    .         Rampage  .   (no gloves)
Will     +....                  (no barding)
Stlth    ++++++....             (no amulet)
HPRegen  0.22/turn              x - ring of Shadows {Umbra +Inv Stlth+}
MPRegen  0.13/turn              q - ring of protection from cold

@: brilliant, lethally poisoned (-2 -> -15), about to teleport, corroded,
wreathed by umbra, very slow
A: AC +2, large, see invisible, deformed body, poison resistance, slowness 2,
spit poison 1, naga tail 1
a: Spit Poison, Renounce Religion, Evoke Invisibility, Potion Petition, Call
Merchant, Bribe Branch


You were on level 6 of the Dungeon.
You worshipped Gozag.
Gozag was aware of your devotion.
You visited 2 branches of the dungeon, and saw 9 of its levels.

You collected 353 gold pieces.
You spent 39 gold pieces at shops.
You paid 96 gold pieces to Gozag.

Inventory:

Hand Weapons
 v - a +2 dagger of venom (weapon)
Missiles
 c - a throwing net
Armour
 b - a +2 scale mail
 e - a +2 hat (worn)
 k - a +0 robe (worn)
 l - +0 shadow dragon scales
 y - a +0 cloak (worn)
Jewellery
 j - a +6 ring of strength
 n - a ring of flight
 q - a ring of protection from cold (right hand)
 x - the ring of Shadows (left hand) {Umbra +Inv Stlth+}
   (You found it on level 6 of the Dungeon)

   [ring of stealth]

   It surrounds you with an aura of shadow, increasing your stealth and reducing
   the accuracy of all within it (including the wearer).
   +Inv:      It lets you turn invisible.
   Stlth:     It makes you more stealthy.
Scrolls
 a - 2 scrolls of teleportation
 d - 2 scrolls of magic mapping {unknown}
 f - 10 scrolls of identify {unknown}
 g - a scroll of fear {unknown}
 m - 3 scrolls of blinking {unknown}
 o - 2 scrolls of enchant weapon {unknown}
 p - 4 scrolls of fog {unknown}
Potions
 h - a potion of might {unknown}
 i - 2 potions of cancellation {unknown}
 r - a potion of brilliance
 s - a potion of heal wounds {unknown}
 t - a potion of berserk rage {unknown}
 u - a potion of flight {unknown}
 w - a potion of haste {unknown}


   Skills:
 - Level 5.0 Fighting
 - Level 1.0 Long Blades
 - Level 1.0 Maces & Flails
 - Level 1.0 Throwing
 + Level 3.4 Armour
 + Level 7.4 Stealth
 + Level 3.0 Spellcasting
 + Level 3.3 Hexes
 + Level 2.0 Transmutations
 + Level 1.9 Fire Magic
 + Level 3.5 Ice Magic
 + Level 2.6 Poison Magic
 + Level 1.3 Evocations


You had 5 spell levels left.
You knew the following spells:

 Your Spells              Type           Power      Damage    Failure   Level
a - Ensorcelled Hibernat  Hex/Ice        34%        N/A       8%          2
b - Ignite Poison         Fire/Tmut/Pois 12%        N/A       26%         3
c - Tukima's Dance        Hex            17%        N/A       16%         3

Your spell library contained the following spells:

 Spells                   Type           Power      Damage    Failure   Level
 Corona                   Hex            18%        N/A       5%          1
 Apportation              Tloc           6%         N/A       22%         1
 Summon Small Mammal      Summ           12%        N/A       22%         1
 Inner Flame              Hex/Fire       14%        N/A       22%         3
 Summon Guardian Golem    Hex/Summ       10%        N/A       32%         3
 Mephitic Cloud           Conj/Pois/Air  6%         N/A       41%         3
 Cause Fear               Hex            8%         N/A       47%         4
 Call Canine Familiar     Summ           3%         N/A       54%         3
 Alistair's Intoxication  Tmut/Pois      8%         N/A       92%         5
 Bolt of Magma            Conj/Fire/Erth 2%         4d4       99%         5
 Dispersal                Tloc           1%         N/A       100%        6
 Invisibility             Hex            8%         N/A       100%        6
 Discord                  Hex            8%         N/A       100%        8
 Disjunction              Tloc           1%         N/A       100%        8


Dungeon Overview and Level Annotations

Branches:
Dungeon (8/15)             Temple (1/1) D:7
   Lair: D:8-11

Altars:
Ashenzari
Cheibriados
Dithmenos
Elyvilon
Gozag
Hepliaklqana
Kikubaaqudgha
Makhleb
Nemelex Xobeh
Qazlal
Ru
Sif Muna
Trog
Uskayaw
Vehumet
Xom
Yredelemnul
Zin
The Shining One

Shops:
D:5 *

Annotations:
D:3 1 runed translucent door, Crazy Yiuf
D:6 1 transporter, exclusions: jelly, steam dragon and water moccasin, amoeba's ghost, novice MiFi


Innate Abilities, Weirdness & Mutations

Your serpentine skin is tough. (AC +2)
You have supernaturally acute eyesight. (SInv)
Armour fits poorly on your strangely shaped body.
Your system is resistant to poisons. (rPois)
You cover ground very slowly.
You can spit poison.
You have a snake-like lower body.


Message History

g - Guard the area. f - Follow me.
Anything else - Cancel.
You shout for attention!
Unknown command.
The jelly quivers.
A jelly is nearby!
You hit the jelly.
Your hands burn!
The jelly is moderately wounded.
The jelly closely misses you.
The water moccasin hisses angrily.
You hit the jelly. The acid corrodes you!
Your hands burn!
The jelly is heavily wounded.
The jelly barely misses you.
You hit the jelly but do no damage.
Your hands burn!
The jelly is heavily wounded.
The jelly hits you. The acid corrodes you!
You are splashed with acid!
You barely miss the jelly.
The jelly is heavily wounded.
The water moccasin bites you. The jelly hits you. The acid corrodes you!
You are splashed with acid!
You hit the jelly but do no damage.
Your hands burn!
The jelly is heavily wounded.
The water moccasin bites you!
You are poisoned.
The water moccasin poisons you! The water moccasin bites you.
The jelly hits you.
You are splashed with acid!
* * * LOW HITPOINT WARNING * * *
Okay, then.
As you read the scroll of teleportation, it crumbles to dust.
You feel strangely unstable.
* * * LOW HITPOINT WARNING * * *
You feel very sick. The water moccasin barely misses you. The jelly hits you.
* * * LOW HITPOINT WARNING * * *
You are splashed with acid!
* * * LOW HITPOINT WARNING * * *
It was a potion of brilliance.
You feel clever all of a sudden.
You die...
Your body crumbles into a pile of gold.

.O# #.# #.###.### ...©#####.#
##.#...... ..#.#.....#
##....##### ##..#..####
#..#..##### # .#..#
#.###...... .. #..########
#.)#[...... ...
#.........##########....#####
### ##.#.####....S.........>#
#
#..........@J...####...#####
###.###########.####...##...
#.# #.#...J..##.## #(#
#.#..#.....J.. #.####
#####.#.#..#.##.##
#....####......###...##.##
#.##.#..........#......>.#
#.##.#.##.#####...........
#.##.#.##......)....###..#


You could see a water moccasin and a jelly.

Vanquished Creatures
  A steam dragon (D:6)
  2 water moccasins
  A centaur (D:7)
  3 bullfrogs
  A wyvern skeleton (D:7)
  2 water moccasin zombies
  2 bullfrog zombies
  A centaur zombie (D:5)
  2 hounds (D:4)
  A bullfrog skeleton (D:5)
  2 orc priests (D:7)
  2 centaur skeletons
  An iguana (D:5)
  3 orc wizards (D:7)
  6 gnolls
  6 adders
  An adder zombie (D:5)
  3 worms (D:2)
  2 dart slugs
  11 orcs
  7 bats
  5 endoplasms
  A giant cockroach (D:2)
  2 goblins
  9 hobgoblins
  7 jackals
  7 quokkas
  9 ball pythons
  4 frilled lizards
  3 rats
107 creatures vanquished.

Vanquished Creatures (collateral kills)
  A wight (D:8)
1 creature vanquished.

Vanquished Creatures (others)
  A dancing weapon (D:8)
1 creature vanquished.

Grand Total: 109 creatures vanquished

Notes
Turn   | Place    | Note
-------+----------+-------------------------------------------
     0 | D:1      | MajorAdolf the Naga Wanderer began the quest for the Orb.
     0 | D:1      | MajorAdolf set off with the following items: a +0 falchion,
                  | a +2 scale mail, a potion of lignification
     0 | D:1      | Reached XP level 1. HP: 21/21 MP: 1/1
   143 | D:1      | Found a faded altar of an unknown god.
   152 | D:1      | Reached skill level 1 in Stealth
   407 | D:1      | Reached XP level 2. HP: 28/28 MP: 2/2
   473 | D:1      | Reached skill level 2 in Stealth
  1319 | D:2      | Reached XP level 3. HP: 17/34 MP: 3/3
  1332 | D:2      | Reached skill level 3 in Stealth
  2632 | D:3      | Found an ancient bone altar of Kikubaaqudgha.
  2636 | D:3      | Reached skill level 4 in Stealth
  2636 | D:3      | Reached XP level 4. HP: 39/44 MP: 4/4
  3292 | D:3      | Found a runed translucent door.
  3293 | D:3      | Noticed Crazy Yiuf
  3371 | D:3      | Learned a level 2 spell: Ensorcelled Hibernation
  3797 | D:2      | Reached XP level 5. HP: 28/50 MP: 0/5
  4413 | D:4      | Reached skill level 5 in Stealth
  4413 | D:4      | Reached skill level 1 in Ice Magic
  4555 | D:4      | Reached skill level 1 in Hexes
  4787 | D:4      | Reached skill level 1 in Spellcasting
  4917 | D:4      | Found a shimmering blue altar of Sif Muna.
  5181 | D:4      | Reached XP level 6. HP: 49/57 MP: 6/8
  5462 | D:5      | Entered Level 5 of the Dungeon
  5472 | D:5      | Found Matuz's General Store.
  6561 | D:5      | Reached skill level 6 in Stealth
  6600 | D:5      | Noticed a water moccasin
  6833 | D:5      | Reached XP level 7. HP: 44/66 MP: 10/10
  7804 | D:6      | Noticed a steam dragon
  7879 | D:5      | Bought a scroll of teleportation for 39 gold pieces
  8377 | D:7      | Learned a level 3 spell: Ignite Poison
  8773 | D:7      | Reached skill level 1 in Poison Magic
  8893 | D:7      | Reached skill level 1 in Transmutations
  8893 | D:7      | Reached skill level 1 in Fire Magic
  8893 | D:7      | Reached XP level 8. HP: 49/73 MP: 5/11
  8895 | D:7      | Reached skill level 7 in Stealth
  9112 | D:7      | Found a staircase to the Ecumenical Temple.
  9179 | Temple   | Entered the Ecumenical Temple
  9362 | Temple   | Became a worshipper of Gozag Ym Sagoz the Greedy
  9697 | D:8      | Learned a level 3 spell: Tukima's Dance
  9703 | D:8      | Noticed a deep elf pyromancer
  9852 | D:6      | Found the ring of Shadows {Umbra +Inv Stlth+}
  9911 | D:6      | Reached skill level 5 in Fighting
 10052 | D:6      | Found a transporter.
 10052 | D:6      | Found a burning altar of Makhleb.
 10305 | D:6      | Noticed amoeba's ghost (novice MiFi)
 10477 | D:6      | HP: 1/74 [acid (8)]
 10478 | D:6      | Succumbed to a water moccasin's poison

Illustrated notes

Levels and vault maps discovered:
D:1:      lightli_arrival_windingriver, layout_basic,
          hellmonk_ecumenical_altar_crossroads
D:2:      kennysheep_big_flooded_room, layout_loops_ring, serial_park_tiny_pond,
          kennysheep_potato
D:3:      layout_rooms, mainiacjoe_overflow_cross_hatched,
          hangedman_decor_opposing, kennysheep_nub, uniq_crazy_yiuf_cottage
D:4:      layout_rooms, nicolae_sif_muna_condensation, serial_curves,
          eino_curves_01, eino_curves_02, eino_curves_02, serial_park_tiny_1,
          minmay_bisected
D:5:      layout_loops_corners, serial_shops, nicolae_take_the_stairs,
          serial_rivers, chequers_serial_rivers_micro_a,
          chequers_serial_rivers_small_b, chequers_serial_rivers_micro_d,
          chequers_serial_rivers_micro_a
D:6:      layout_loops_ring, bloody_makhleb, gammafunk_ghost_smash
D:7:      layout_loops_ring, minmay_temple_entry_wispy
D:8:      layout_loops_cross
Temple:   eino_temple_rhombus

Skill      XL: |  1  2  3  4  5  6  7  8 |
---------------+-------------------------+-----
Stealth        | 1 2 4 5 6 7 |  7.4
Fighting       | 4 5 |  5.0
Ice Magic      | 1 2 3 |  3.5
Hexes          | 1 2 3 |  3.3
Spellcasting   | 1 2 3 |  3.0
Poison Magic   | 1 2 |  2.6
Armour         | 3 |  3.4
Transmutations | 1 2 |  2.0
Fire Magic     | 1 |  1.9
Long Blades    | |  1.0
Maces & Flails | |  1.0
Throwing       | |  1.0
Evocations     | |  1.3

Action                   |  1- 3 |  4- 6 |  7- 9 || total
-------------------------+-------+-------+-------++-------
Melee: Falchion          |   129 |    45 |       ||   174
       Dagger            |       |   197 |   153 ||   350
 Cast: Ensorcelled Hiber |       |     8 |       ||     8
       Ignite Poison     |       |       |     6 ||     6
       Tukima's Dance    |       |       |     2 ||     2
 Abil: Spit Poison       |     9 |    37 |     5 ||    51
  Use: Potion            |       |       |     4 ||     4
       Scroll            |       |       |     1 ||     1
 Stab: Sleeping          |     1 |     5 |     4 ||    10
Armor: Scale mail        |    84 |       |       ||    84
       Robe              |    14 |    33 |    23 ||    70
       Shadow dragon sca |       |   177 |    19 ||   196
       Skin              |       |       |    68 ||    68
Dodge: Dodged            |    57 |   100 |    42 ||   199
       Rpst.: Falchion   |    22 |     5 |       ||    27
